 Dungeon Crawl Stone Soup version 0.32-a0-876-gcfddb08e57 (webtiles) character file.

Game seed: 11426063170927340174

308 Chadd the Ruffian (level 6, -3/70 HPs)
             Began as a Gnoll Shapeshifter on Apr 2, 2024.
             Killed from afar by an orc (6 damage)
             ... with a bolt of acid
             ... on level 4 of the Dungeon.
             The game lasted 00:07:49 (3050 turns).

Chadd the Ruffian (Gnoll Shapeshifter)              Turns: 3050, Time: 00:07:49

Health: -3/70      AC: 19    Str: 15    XL:     6   Next: 40%
Magic:  9/9        EV:  2    Int: 10    God:
Gold:   128        SH:  4    Dex: 11    Spells: 9/9 levels left

rFire   . . .        u - +0 spear
rCold   . . .        g - +0 buckler
rNeg    . . .        s - melded +0 ring mail of the Centaur {rN+ Int+3}
rPois   +            (helmet currently unavailable)
rElec   .            (cloak currently unavailable)
rCorr   .            (gloves currently unavailable)
SInv    .            (boots currently unavailable)
Will    .....        (no amulet)
Stlth   ++           r - +4 ring of protection
HPRegen 0.31/turn    (no ring)
MPRegen 0.11/turn

%: no passive effects
@: tree-form, corroded
A: stationary, stasis, torment immunity, boosted hp, (fangs 1), strong nose,
distributed training
a: no special abilities


You were on level 4 of the Dungeon.
You were a tree.
You visited 1 branch of the dungeon, and saw 4 of its levels.

You collected 128 gold pieces.

Inventory:

Hand Weapons
 u - a +0 spear (weapon)
 w - a +0 sling
Armour
 a - a +0 animal skin
 g - a +0 buckler (worn)
 j - a +0 ring mail
 s - the +0 ring mail of the Centaur (melded) {rN+ Int+3}
   (You took it off an orc on level 3 of the Dungeon)

   Int+3:     It affects your intelligence (+3).
   rN+:       It protects you from negative energy.
 v - a +0 pair of boots
Jewellery
 r - a +4 ring of protection (left branch)
Talismans
 c - a beast talisman (active)
 d - a flux talisman
Wands
 q - a wand of roots (8) (quivered)
 y - a wand of acid (8)
Scrolls
 e - a scroll of revelation {unknown}
 f - 2 scrolls of fog {unknown}
 h - a scroll of identify {unknown}
 l - a scroll of blinking {unknown}
 p - a scroll of teleportation {unknown}
 x - a scroll of vulnerability {unknown}
Potions
 b - a potion of lignification
 i - a potion of enlightenment {unknown}
 k - a potion of haste {unknown}
 m - 2 potions of mutation {unknown}
 n - a potion of brilliance {unknown}
 o - a potion of curing
 t - a potion of invisibility {unknown}
 z - a potion of ambrosia {unknown}


   Skills:
 + Level 3.3 Fighting
 + Level 2.0 Short Blades
 + Level 2.0 Long Blades
 + Level 2.0 Axes
 + Level 2.0 Maces & Flails
 + Level 2.0 Polearms
 + Level 2.0 Staves
 + Level 2.0 Ranged Weapons
 + Level 2.0 Throwing
 + Level 2.0 Armour
 + Level 5.0 Dodging
 + Level 2.0 Stealth
 + Level 2.0 Shields
 + Level 6.8 Unarmed Combat
 + Level 2.0 Spellcasting
 + Level 1.6 Conjurations
 + Level 1.6 Hexes
 + Level 1.6 Summonings
 + Level 1.6 Necromancy
 + Level 1.6 Translocations
 + Level 1.6 Fire Magic
 + Level 1.6 Ice Magic
 + Level 1.6 Air Magic
 + Level 1.6 Earth Magic
 + Level 1.6 Alchemy
 + Level 2.2 Invocations
 + Level 2.0 Evocations
 + Level 6.8 Shapeshifting


You had 9 spell levels left.
You didn't know any spells.
Your spell library contained the following spells:

 Spells                   Type           Power      Damage    Failure   Level
 Kiss of Death            Conj/Necr      16%        2d6       22%         1
 Magic Dart               Conj           16%        1d3       22%         1
 Searing Ray              Conj           8%         2d4       32%         2
 Confusing Touch          Hex            4%         N/A       54%         3
 Dispel Undead            Necr           4%         3d7       91%         4
 Fulminant Prism          Conj/Alch      2%         3d5       91%         4


Dungeon Overview and Level Annotations

Branches:
Dungeon (4/15)
 Temple: D:4-7

Altars:
Okawaru
Wu Jian

Shops:
D:2 (


Innate Abilities, Weirdness & Mutations

You are a tree.
Your roots penetrate the ground, keeping you stationary.
You cannot be teleported.
You are immune to unholy pain and torment.
Your maximum health is greatly increased.
Your equipment is partially melded.
((You have very sharp teeth.))
Your uncanny sense of smell can sniff out nearby items.
Your experience applies equally to all skills.


Message History

You feel better.
The iguana bites you but does no damage.
The orc zaps a wand.
The bolt of acid hits you!
* * * LOW HITPOINT WARNING * * *
You hit the orc but do no damage.
The orc is heavily wounded.
The iguana bites you but does no damage.
The orc hits you but does no damage.
You hit the orc but do no damage.
The orc is heavily wounded.
The iguana bites you but does no damage.
The orc zaps a wand.
The bolt of acid misses you.
You hit the orc but do no damage.
The orc is heavily wounded.
The iguana bites you but does no damage.
The orc hits you but does no damage.
You completely miss the orc.
The orc is heavily wounded.
The iguana bites you but does no damage.
The orc hits you but does no damage.
You barely miss the iguana. The iguana bites you.
* * * LOW HITPOINT WARNING * * *
The orc hits you with a +0 whip.
* * * LOW HITPOINT WARNING * * *
You barely miss the orc.
The orc is heavily wounded.
The iguana bites you but does no damage.
The orc zaps a wand.
The bolt of acid hits you.
* * * LOW HITPOINT WARNING * * *
The acid corrodes you!
You closely miss the orc.
The orc is heavily wounded.
The iguana bites you but does no damage.
The orc hits you with a +0 whip.
* * * LOW HITPOINT WARNING * * *
You hit the orc but do no damage.
The orc is heavily wounded.
The iguana bites you but does no damage.
The orc zaps a wand.
The bolt of acid hits you.
You die...

#####.....#######...#
##...## ##.## ##.##
#.# #.# #.# #.# #.#
##+## ###.# ###
##...## #...#
.....#l....## #.###
#..o♣....## #..##
#...).....####...##
...'.........'.......#
.###.........####...##
#........#####..###
#.#.....## #......#
#.##...## #....#.# .<
##+## #..#.#.# ### ###
#....#.#


You could see an iguana and an orc.

Vanquished Creatures
  Duvessa (D:4)
  Dowan (D:4)
  An orc wizard (D:3)
  3 gnolls (D:2)
  2 adders
  A ribbon worm (D:3)
  A dart slug (D:1)
  6 orcs
  5 ball pythons
  8 endoplasms
  2 giant cockroaches (D:1)
  10 hobgoblins
  2 jackals (D:1)
  2 kobolds
  2 quokkas
  6 bats
  2 frilled lizards (D:1)
  9 goblins
  6 rats
70 creatures vanquished.

Vanquished Creatures (others)
  An orc (D:4)
1 creature vanquished.

Grand Total: 71 creatures vanquished

Notes
Turn   | Place    | Note
-------+----------+-------------------------------------------
     0 | D:1      | Chadd the Gnoll Shapeshifter began the quest for the Orb.
     0 | D:1      | Reached XP level 1. HP: 17/17 MP: 1/1
   128 | D:1      | Reached XP level 2. HP: 23/23 MP: 2/2
   379 | D:1      | Reached XP level 3. HP: 28/28 MP: 3/3
   512 | D:1      | Found a faded altar of an unknown god.
   573 | D:1      | Reached skill level 1 in Invocations
  1046 | D:2      | Reached skill level 1 in Short Blades
  1046 | D:2      | Reached skill level 1 in Long Blades
  1046 | D:2      | Reached skill level 1 in Axes
  1046 | D:2      | Reached skill level 1 in Maces & Flails
  1046 | D:2      | Reached skill level 1 in Polearms
  1046 | D:2      | Reached skill level 1 in Staves
  1046 | D:2      | Reached skill level 1 in Ranged Weapons
  1046 | D:2      | Reached skill level 1 in Throwing
  1046 | D:2      | Reached skill level 1 in Armour
  1046 | D:2      | Reached skill level 1 in Stealth
  1046 | D:2      | Reached skill level 1 in Shields
  1046 | D:2      | Reached skill level 1 in Spellcasting
  1046 | D:2      | Reached skill level 1 in Evocations
  1090 | D:2      | Reached XP level 4. HP: 20/34 MP: 5/5
  1421 | D:2      | Found Hinluph's Weapon Emporium.
  1583 | D:3      | Reached skill level 1 in Conjurations
  1583 | D:3      | Reached skill level 1 in Hexes
  1583 | D:3      | Reached skill level 1 in Summonings
  1583 | D:3      | Reached skill level 1 in Necromancy
  1583 | D:3      | Reached skill level 1 in Translocations
  1583 | D:3      | Reached skill level 1 in Fire Magic
  1583 | D:3      | Reached skill level 1 in Ice Magic
  1583 | D:3      | Reached skill level 1 in Air Magic
  1583 | D:3      | Reached skill level 1 in Earth Magic
  1583 | D:3      | Reached skill level 1 in Alchemy
  2010 | D:3      | Identified the +0 ring mail of the Centaur {rN+ Int+3}
  2021 | D:3      | Reached XP level 5. HP: 36/40 MP: 5/7
  2055 | D:3      | Found an iron altar of Okawaru.
  2402 | D:4      | Found an ornate altar of the Wu Jian Council.
  2837 | D:4      | Noticed Duvessa
  2837 | D:4      | Noticed Dowan
  2844 | D:4      | Killed Duvessa
  2845 | D:4      | Reached XP level 6. HP: 47/47 MP: 8/8
  2861 | D:4      | Killed Dowan
  2862 | D:4      | Reached skill level 5 in Dodging
  3049 | D:4      | HP: 3/70 [orc/+0 whip (4)]
  3050 | D:4      | Killed from afar by an orc

Illustrated notes

Levels and vault maps discovered:
D:1:      minmay_arrival_split_and_join, layout_basic,
          hellmonk_ecumenical_altar_dog_temple
D:2:      layout_loops_ring, serial_shops, shop
D:3:      layout_basic, okawaru_ov_weapons_minmay
D:4:      layout_loops_corners, nzn_wu_jian_council_hall,
          mainiacjoe_overflow_alcove_4, uniq_duvessa

Skill      XL: |  1  2  3  4  5  6 |
---------------+-------------------+-----
Invocations    | 1 2 |  2.2
Short Blades   | 1 2 |  2.0
Long Blades    | 1 2 |  2.0
Axes           | 1 2 |  2.0
Maces & Flails | 1 2 |  2.0
Polearms       | 1 2 |  2.0
Staves         | 1 2 |  2.0
Ranged Weapons | 1 2 |  2.0
Throwing       | 1 2 |  2.0
Armour         | 1 2 |  2.0
Stealth        | 1 2 |  2.0
Shields        | 1 2 |  2.0
Spellcasting   | 1 2 |  2.0
Evocations     | 1 2 |  2.0
Conjurations   | 1 |  1.6
Hexes          | 1 |  1.6
Summonings     | 1 |  1.6
Necromancy     | 1 |  1.6
Translocations | 1 |  1.6
Fire Magic     | 1 |  1.6
Ice Magic      | 1 |  1.6
Air Magic      | 1 |  1.6
Earth Magic    | 1 |  1.6
Alchemy        | 1 |  1.6
Fighting       | 3 |  3.3
Dodging        | 5 |  5.0
Unarmed Combat | |  6.8
Shapeshifting  | |  6.8

Action                     |  1- 3 |  4- 6 || total
---------------------------+-------+-------++-------
  Melee: Unarmed           |    73 |    41 ||   114
         Bite              |     5 |     6 ||    11
         Spear             |       |    37 ||    37
   Fire: Sling             |       |    15 ||    15
  Throw: Dart              |       |     3 ||     3
  Evoke: Wand              |       |     4 ||     4
    Use: Potion            |       |     4 ||     4
   Stab: Sleeping          |       |     1 ||     1
 Armour: Animal skin       |    13 |       ||    13
         Ring mail         |    23 |    37 ||    60
         Skin              |       |    25 ||    25
  Dodge: Dodged            |    31 |    26 ||    57
  Block: Buckler           |     6 |    12 ||    18

Table legend: (Time is in decaauts)
 A = Elapsed time spent in this place.
 B = Non-inter-level travel time spent in this place.
 C = Inter-level travel time spent in this place.
 D = Time resting spent in this place.
 E = Time spent auto-exploring this place.
 F = Levels seen in this place.
 G = Mean time per level.
                   A        B        C        D        E       F      G
               +--------+--------+--------+--------+--------+-----+--------+
         Total |   3046 |   2655 |    391 |    350 |   1832 |   4 |  761.5 |
       Dungeon |   3046 |   2655 |    391 |    350 |   1832 |   4 |  761.5 |
               +--------+--------+--------+--------+--------+-----+--------+

Top non-repeatable levels by time:
     D:1: 824 daAuts
     D:3: 809 daAuts
     D:2: 732 daAuts
     D:4: 679 daAuts
